 Dungeon Crawl Stone Soup version 0.18.1-5-g4a78601 (webtiles) character file.

117 M4edhros the Insei (level 5, -1/25 HPs)
             Began as a Vine Stalker Transmuter on May 10, 2016.
             Slain by a worker ant (3 damage)
             ... on level 4 of the Dungeon.
             The game lasted 00:05:06 (907 turns).

M4edhros the Insei (Vine Stalker Transmuter)         Turns: 907, Time: 00:05:08

Health: -1/25      AC:  2    Str: 13    XL:     5   Next: 1%
Magic:  0/9        EV: 12    Int: 13    God:
Gold:   116        SH:  0    Dex: 15    Spells: 2 memorised, 5 levels left

rFire  . . .     SeeInvis .       - Unarmed
rCold  . . .     Gourm    .     b - +0 robe
rNeg   . . .     Faith    .     (no shield)
rPois  .         Spirit   +     (no helmet)
rElec  .         Dismiss  .     (no cloak)
rCorr  .         Reflect  .     (no gloves)
SustAt .         Harm     .     (no boots)
MR     .....     Rnd*Tele +     (no amulet)
Stlth  +.........               (no ring)
                                i - ring of teleportation (curse)

@: lethally poisoned (-1 -> -3), very slightly contaminated, not resistant to
hostile enchantments, very unstealthy
A: fangs 2, regeneration 1, magic shield, antimagic bite, no device heal 3, rot
immunity
a: no special abilities


You were on level 4 of the Dungeon.
You were not hungry.

You visited 1 branch of the dungeon, and saw 4 of its levels.

You collected 116 gold pieces.

Inventory:

Missiles
 a - 16 arrows
Armour
 b - a +0 robe (worn)
 e - a +0 ring mail
Jewellery
 i - a cursed ring of teleportation (left hand)
Scrolls
 f - 2 scrolls of identify {unknown}
 h - 2 scrolls of fear {unknown}
 k - a scroll of remove curse {unknown}
 n - a scroll of blinking {unknown}
 p - a scroll of enchant armour {unknown}
Potions
 l - 2 potions of cancellation {unknown}
 o - a potion of flight {unknown}
Books
 c - a book of Changes

   Spells                             Type                      Level
   a - Beastly Appendage              Transmutation                1
   b - Sticks to Snakes               Transmutation                2
   c - Spider Form                    Transmutation/Poison         3
   d - Ice Form                       Ice/Transmutation            4
   e - Blade Hands                    Transmutation                5
Comestibles
 d - a bread ration
 j - a meat ration
 q - 3 chunks of flesh


   Skills:
 - Level 0.8 Fighting
 - Level 1.5 Dodging
 + Level 5.5 Unarmed Combat
 - Level 2.1 Spellcasting
 - Level 2.0 Transmutations


You had 5 spell levels left.
You knew the following spells:

 Your Spells              Type           Power        Failure   Level  Hunger
a - Beastly Appendage     Trmt           #.....       12%         1    ##.....
b - Sticks to Snakes      Trmt           #.......     17%         2    ###....


Dungeon Overview and Level Annotations

Branches:
Dungeon (4/15)
 Temple: D:4-7

Altars:
Ashenzari
Dithmenos
Elyvilon
Xom
The Shining One

Annotations:
D:2 Sigmund


Innate Abilities, Weirdness & Mutations

You have extremely sharp teeth.
Your natural rate of healing is unusually fast.
When hurt, damage is shared between your health and your magic reserves.
Your bite disrupts and absorbs the magic of your enemies.
Potions and wands cannot restore your health.
You are immune to rotting.


Message History

Your ball python dies!
Unknown command.
Unknown command.
Unknown command.
Unknown command.
Read which item? (? for menu, Esc to quit)
As you read the scroll labeled IFENKI QOIQ, it crumbles to dust.
It is a scroll of recharging.
You aren't carrying any rechargeable items.
* * * LOW HITPOINT WARNING * * *
You feel sick.
Your ball python closely misses the worker ant.
Your ball python grabs the worker ant.
Your ball python constricts the worker ant.
The worker ant waves its antennae.
The adder skeleton closely misses your ball python.
Unknown command.
Unknown command.
The worker ant bites you.
You die...

#.........#
#.........#
#(......:.#
#.........#
..........#
#..?..[...#
#[.....Z..#
#.$....Saa#
#.....†@..#
#####.#####
... #...
#.. <.. #.


You could see 2 worker ants, an adder skeleton and a friendly ball python.

Vanquished Creatures
  A hound (D:3)
  An adder (D:3)
  An adder skeleton (D:4)
  3 dart slugs
  A giant gecko (D:4)
  2 orcs
  A bat (D:3)
  2 hobgoblins
  A kobold (D:1)
  A giant newt (D:1)
  3 rats
17 creatures vanquished.

Vanquished Creatures (collateral kills)
  A hound (D:4)
  A centaur skeleton (D:4)
  2 adders
  A giant cockroach (D:4)
5 creatures vanquished.

Vanquished Creatures (others)
  5 sheep (D:3)
5 creatures vanquished.

Grand Total: 27 creatures vanquished

Notes
Turn   | Place    | Note
--------------------------------------------------------------
     0 | D:1      | M4edhros the Vine Stalker Transmuter began the quest for the Orb.
     0 | D:1      | Reached XP level 1. HP: 9/9 MP: 4/4
   153 | D:2      | Noticed Sigmund
   217 | D:1      | Reached XP level 2. HP: 5/14 MP: 3/6
   279 | D:1      | You fall through a shaft!
   295 | D:2      | Learned a level 2 spell: Sticks to Snakes
   427 | D:3      | Found a shimmering altar of Xom.
   506 | D:3      | Reached skill level 4 in Unarmed Combat
   529 | D:3      | Reached XP level 3. HP: 5/17 MP: 1/7
   582 | D:3      | Found a faded altar to an unknown god.
   640 | D:3      | Found a shattered altar of Ashenzari.
   648 | D:3      | Found a shadowy altar of Dithmenos.
   653 | D:3      | Found a glowing golden altar of the Shining One.
   737 | D:3      | Reached XP level 4. HP: 6/21 MP: 3/8
   838 | D:4      | Reached skill level 5 in Unarmed Combat
   880 | D:4      | Found a white marble altar of Elyvilon.
   896 | D:4      | Reached XP level 5. HP: 18/25 MP: 6/9
   906 | D:4      | HP: 1/25 [poisoned by a worker ant]
   907 | D:4      | Slain by a worker ant

Skill      XL: |  1  2  3  4 |
---------------+-------------+-----
Unarmed Combat | 4 5 |  5.5
Fighting       | |  0.8
Dodging        | |  1.5
Spellcasting   | |  2.1
Transmutations | |  2.0

Action                   |  1- 3 |  4- 6 || total
-------------------------+-------+-------++-------
Melee: Unarmed           |    47 |    15 ||    62
       Bite              |    14 |     5 ||    19
       Headbutt          |     4 |       ||     4
       Kick              |       |     1 ||     1
 Cast: Beastly Appendage |     4 |     2 ||     6
       Sticks to Snakes  |     7 |     5 ||    12
  Use: Potion            |       |     2 ||     2
       Scroll            |       |     1 ||     1
  Eat: Chunk             |       |     1 ||     1
Armor: Robe              |    10 |     4 ||    14
Dodge: Dodged            |    30 |    22 ||    52
